 Dungeon Crawl Stone Soup version 0.31-a0-180-g519b7de00c (webtiles) character file.

Game seed: 6551698763839794734

723 qw the Shooter (level 7, -2/66 HPs)
             Began as a Naga Hunter on June 20, 2023.
             Was a Follower of Okawaru.
             Slain by Duvessa
             ... wielding a +0 vampiric short sword
              (13 damage)
             ... on level 4 of the Dungeon.
             The game lasted 00:01:07 (3634 turns).

qw the Shooter (Naga Hunter)                        Turns: 3634, Time: 00:01:07

Health: -2/66      AC:  4    Str: 19    XL:     7   Next: 71%
Magic:  9/9        EV: 13    Int:  9    God:    Okawaru [*.....]
Gold:   77         SH:  0    Dex: 17    Spells: 6/6 levels left

rFire   . . .        Y - +0 arbalest
rCold   . . .        (shield currently unavailable)
rNeg    . . .        c - +0 leather armour
rPois   +            (no helmet)
rElec   .            (no cloak)
rCorr   .            (no gloves)
SInv    +            (no barding)
Will    .....        e - amulet of regeneration
Stlth   +++          d - +6 ring of strength
HPRegen 1.11/turn    (no ring)
MPRegen 0.11/turn

%: no passive effects
@: about to teleport, short of breath, heroic, very slow
A: AC +2, large, see invisible, deformed body, poison resistance, slowness 2,
spit poison 1, naga tail 1
a: Spit Poison, Renounce Religion, Heroism


You were on level 4 of the Dungeon.
You worshipped Okawaru.
Okawaru was aware of your devotion.
You visited 1 branch of the dungeon, and saw 5 of its levels.

You collected 227 gold pieces.
You spent 150 gold pieces at shops.


Innate Abilities, Weirdness & Mutations

Your serpentine skin is tough. (AC +2)
You have supernaturally acute eyesight. (SInv)
Armour fits poorly on your strangely shaped body.
Your system is resistant to poisons. (rPois)
You cover ground very slowly.
You can spit poison.
You have a snake-like lower body.


   Skills:
 - Level 4.4(9.4) Fighting
 + Level 6.6(11.6) Ranged Weapons
 - Level 2.1(7.1) Dodging
 - Level 1.5(6.5) Stealth
 + Level 3.4 Invocations


You had 6 spell levels left.
You didn't know any spells.
Your spell library was empty.

Inventory:

Hand Weapons
 Y - a +0 arbalest (weapon)
Armour
 c - a +0 leather armour (worn)
Jewellery
 d - a +6 ring of strength (left hand)
 e - an amulet of regeneration (around neck)
Scrolls
 a - a scroll of teleportation
 b - 2 scrolls of identify
 g - a scroll of enchant armour
Potions
 f - 4 potions of curing

Dungeon Overview and Level Annotations

Branches:
Dungeon (5/15)             Temple (0/1) D:4

Altars:
Makhleb
Okawaru
Yredelemnul

Shops:
D:4 ==?

Annotations:
D:4 Duvessa


Message History

Duvessa hits you with a +0 vampiric short sword!
A scorpion comes into view.
3629 ||| STAIRDANCE Duvessa completely misses you.
The sleepcap closely misses you.
You climb upwards.
You have got your breath back.
There is a stone staircase leading down here.
Enter note:
Enter note:
Enter note:
Enter note:
Enter note:
Enter note:
Enter note:
Enter note:
Enter note:
3631 ||| INVOKING Spit Poison.
Aiming: Spit Poison (1% risk of failure)
Press: ? - help, Shift-Dir - straight line, f - Duvessa The splash of poison hits Duvessa.
Duvessa is poisoned.
Duvessa is lightly wounded.
Duvessa hits you with a +0 vampiric short sword.
Duvessa draws strength from your wounds!
The sleepcap releases spores at you but does no damage.
Duvessa hits you with a +0 vampiric short sword.
Duvessa draws strength from your wounds!
You shoot a bolt. The bolt hits the sleepcap!!
You destroy the sleepcap!
Okawaru accepts your kill.
Duvessa hits you with a +0 vampiric short sword!
Duvessa hits you with a +0 vampiric short sword.
3633 ||| READING 2 scrolls of teleportation.
As you read the scroll of teleportation, it crumbles to dust.
You feel strangely unstable. Duvessa barely misses you.
Duvessa hits you with a +0 vampiric short sword.
You shoot a bolt. The bolt hits Duvessa.
Duvessa is lightly wounded.
Duvessa hits you with a +0 vampiric short sword!
You die...

######## ...P.P.#
~.P..P.# ~~....P#
~~~....# ~~~~..P#
~~~~...###########
#####
~~~~~7.<........@#
#...#
~~~.~~P.#####)##e#
#...########
~~......# #.##.#
#...'..#...#
~...P...# #.##.#
#...##.#.#.#
~PP....##
#.##.#####.#....#.#
..%P...#
#....##....#....#.#
..######
#.##.##.##......#.#
### ######
#.##.##.#.......'.#
# #....#
#.......#....)..###


You could see Duvessa (berserk, fast, resistant, poisoned).

Vanquished Creatures
  A black bear (D:4)
  A scorpion (D:4)
  A necrophage (D:4)
  2 wights (D:4)
  Dowan (D:5)
  2 bullfrog zombies (D:4)
  A hound (D:5)
  A human zombie (D:4)
  An iguana (D:4)
  A sleepcap (D:4)
  Terence (D:1)
  2 hound zombies (D:4)
  2 mummies (D:4)
  4 adders
  A white imp (D:5)
  2 adder zombies (D:4)
  A worm (D:3)
  A dart slug (D:2)
  2 orcs
  3 ball pythons
  A bat (D:1)
  6 endoplasms
  4 giant cockroaches
  9 goblins
  6 hobgoblins
  3 kobolds
  3 quokkas
  A frilled lizard (D:1)
  5 rats
69 creatures vanquished.

Notes
Turn   | Place    | Note
-------+----------+-------------------------------------------
     0 | D:1      | qw the Naga Hunter began the quest for the Orb.
     0 | D:1      | Reached XP level 1. HP: 19/19 MP: 1/1
     0 | D:1      | 0 ||| qw: Version: 0.3-a-9-g12657ce
     0 | D:1      | 0 ||| qw: Game counter: 1174
     0 | D:1      | 0 ||| qw: Always use a shield: true
     0 | D:1      | 0 ||| qw: God list: Okawaru
     0 | D:1      | 0 ||| qw: Allow faded altars: false
     0 | D:1      | 0 ||| qw: Do Orc after D:15 true
     0 | D:1      | 0 ||| qw: Do second Lair branch before Depths: true
     0 | D:1      | 0 ||| qw: Lair rune preference: random
     0 | D:1      | 0 ||| qw: Plans: Normal
     0 | D:1      | 0 ||| PLANNING D:1-11
    41 | D:1      | 41 ||| INVOKING Spit Poison.
    47 | D:1      | 47 ||| INVOKING Spit Poison.
    88 | D:1      | 88 ||| INVOKING Spit Poison.
    92 | D:1      | 92 ||| INVOKING Spit Poison.
    98 | D:1      | 98 ||| INVOKING Spit Poison.
   217 | D:1      | Reached skill level 4 in Ranged Weapons
   217 | D:1      | Reached XP level 2. HP: 26/26 MP: 2/2
   221 | D:1      | 221 ||| INVOKING Spit Poison.
   299 | D:1      | 299 ||| INVOKING Spit Poison.
   320 | D:1      | 320 ||| INVOKING Spit Poison.
   411 | D:1      | 411 ||| INVOKING Spit Poison.
   439 | D:1      | 439 ||| INVOKING Spit Poison.
   862 | D:1      | 862 ||| READING 2 scrolls labelled JEOS RECKO.
   863 | D:1      | 863 ||| READING scroll labelled ELYGGY LUAXI.
   866 | D:1      | 866 ||| READING scroll labelled BEMIFO EDEPS.
   867 | D:1      | 867 ||| DROPPING scroll of vulnerability.
   868 | D:1      | 868 ||| DROPPING scroll of butterflies.
   884 | D:2      | Noticed Terence
   884 | D:2      | Found a basalt altar of Yredelemnul.
   885 | D:2      | 885 ||| INVOKING Spit Poison.
   886 | D:2      | 886 ||| STAIRDANCE
   888 | D:1      | 888 ||| INVOKING Spit Poison.
   891 | D:1      | 891 ||| INVOKING Spit Poison.
   891 | D:1      | Killed Terence
   892 | D:1      | Reached XP level 3. HP: 12/32 MP: 3/3
  1002 | D:2      | 1002 ||| INVOKING Spit Poison.
  1017 | D:2      | 1017 ||| INVOKING Spit Poison.
  1071 | D:2      | 1071 ||| INVOKING Spit Poison.
  1113 | D:2      | 1113 ||| INVOKING Spit Poison.
  1156 | D:2      | 1156 ||| INVOKING Spit Poison.
  1161 | D:2      | Reached skill level 5 in Ranged Weapons
  1161 | D:2      | Reached XP level 4. HP: 35/39 MP: 4/4
  1201 | D:2      | 1201 ||| INVOKING Spit Poison.
  1390 | D:2      | 1390 ||| READING scroll labelled PAADEI VINODI.
  1391 | D:2      | 1391 ||| DRINKING 2 cyan potions.
  1418 | D:3      | 1418 ||| INVOKING Spit Poison.
  1437 | D:3      | Found a faded altar of an unknown god.
  1472 | D:3      | Found an iron altar of Okawaru.
  1473 | D:3      | 1473 ||| PLANNING OKAWARU WORSHIP
  1480 | D:3      | Became a worshipper of Warmaster Okawaru
  1481 | D:3      | 1481 ||| PLANNING D:1-11
  1529 | D:3      | 1529 ||| INVOKING Spit Poison.
  1593 | D:3      | 1593 ||| INVOKING Spit Poison.
  1965 | D:3      | 1965 ||| SWAPPING to +0 arbalest.
  1967 | D:3      | 1967 ||| DROPPING +0 shortbow.
  2042 | D:3      | 2042 ||| INVOKING Spit Poison.
  2204 | D:3      | 2204 ||| UPGRADING to +6 ring of strength.
  2205 | D:3      | 2205 ||| DROPPING ring of flight.
  2206 | D:3      | 2206 ||| READING scroll labelled CIAHIUHOATT.
  2235 | D:4      | 2235 ||| PLANNING SEWER
  2256 | D:4      | Found Faev's Magic Scroll Boutique.
  2266 | D:4      | 2266 ||| BUYING scroll of enchant armour (90 gold).
  2266 | D:4      | Bought a scroll of enchant armour for 90 gold pieces
  2266 | D:4      | 2266 ||| BUYING scroll of identify (24 gold).
  2266 | D:4      | Bought a scroll of identify for 24 gold pieces
  2266 | D:4      | 2266 ||| BUYING scroll of teleportation (36 gold).
  2266 | D:4      | Bought a scroll of teleportation for 36 gold pieces
  2266 | D:4      | 2266 ||| SHOPLISTING scroll of teleportation (36 gold, have
                  | 2).
  2276 | D:4      | 2276 ||| INVOKING Spit Poison.
  2279 | D:4      | Noticed a scorpion
  2280 | D:4      | 2280 ||| INVOKING Spit Poison.
  2283 | D:4      | 2283 ||| INVOKING Spit Poison.
  2286 | D:4      | 2286 ||| INVOKING Spit Poison.
  2286 | D:4      | Killed a scorpion
  2287 | D:4      | Reached skill level 3 in Fighting
  2287 | D:4      | Reached XP level 5. HP: 33/50 MP: 5/5
  2421 | D:4      | Found a basalt altar of Yredelemnul.
  2600 | D:4      | 2600 ||| INVOKING Spit Poison.
  2603 | D:4      | 2603 ||| INVOKING Spit Poison.
  2610 | D:4      | Reached XP level 6. HP: 46/57 MP: 6/6
  2815 | D:4      | HP: 9/51 [wight/+0 hand axe (11)]
  2816 | D:4      | 2816 ||| READING 2 scrolls of teleportation.
  2816 | D:4      | HP: 3/49 [wight/+0 hand axe (6)]
  2870 | D:4      | 2870 ||| RIP SEWER
  2980 | D:4      | 2980 ||| PLANNING D:1-11
  3003 | D:4      | Found a staircase to the Ecumenical Temple.
  3039 | D:4      | 3039 ||| INVOKING Spit Poison.
  3041 | D:4      | Reached * piety under Okawaru
  3042 | D:4      | Reached skill level 6 in Ranged Weapons
  3053 | D:4      | 3053 ||| INVOKING Spit Poison.
  3057 | D:4      | 3057 ||| INVOKING Spit Poison.
  3069 | D:4      | 3069 ||| INVOKING Spit Poison.
  3080 | D:4      | 3080 ||| INVOKING Spit Poison.
  3093 | D:4      | 3093 ||| INVOKING Spit Poison.
  3123 | D:4      | 3123 ||| INVOKING Spit Poison.
  3143 | D:4      | 3143 ||| INVOKING Spit Poison.
  3232 | D:4      | Reached skill level 1 in Invocations
  3264 | D:4      | Found a burning altar of Makhleb.
  3292 | D:4      | Noticed a black bear
  3293 | D:4      | 3293 ||| INVOKING Heroism.
  3296 | D:4      | 3296 ||| INVOKING Spit Poison.
  3297 | D:4      | Killed a black bear
  3298 | D:4      | Reached XP level 7. HP: 61/65 MP: 5/8
  3300 | D:4      | 3300 ||| INVOKING Spit Poison.
  3325 | D:4      | Found Feest's Jewellery Shoppe.
  3330 | D:4      | 3330 ||| SHOPLISTING +4 ring of protection (504 gold, have
                  | 52).
  3330 | D:4      | 3330 ||| SHOPLISTING +4 ring of slaying (1092 gold, have
                  | 52).
  3330 | D:4      | 3330 ||| SHOPLISTING +6 ring of dexterity (504 gold, have
                  | 52).
  3330 | D:4      | 3330 ||| SHOPLISTING +6 ring of strength (504 gold, have
                  | 52).
  3330 | D:4      | 3330 ||| SHOPLISTING amulet of reflection (420 gold, have
                  | 52).
  3330 | D:4      | 3330 ||| SHOPLISTING ring "Gapajeh" {rElec EV+5} (700 gold,
                  | have 52).
  3330 | D:4      | 3330 ||| SHOPLISTING ring of Conformity {rN+ Int+6 Dex+4}
                  | (778 gold, have 52).
  3339 | D:4      | 3339 ||| INVOKING Spit Poison.
  3352 | D:4      | Found Pacwi's One-of-a-Kind Rings.
  3361 | D:4      | 3361 ||| SHOPLISTING +2 ring of protection (120 gold, have
                  | 52).
  3361 | D:4      | 3361 ||| SHOPLISTING +4 ring of strength (180 gold, have
                  | 52).
  3361 | D:4      | 3361 ||| SHOPLISTING +5 ring of protection (660 gold, have
                  | 52).
  3361 | D:4      | 3361 ||| SHOPLISTING ring "Rilamu Ined" {*Slow rPois rC+
                  | Will- Str+6} (468 gold, have 52).
  3361 | D:4      | 3361 ||| SHOPLISTING ring of Archiuniu {*Corrode Will+
                  | Str+2 Int+2 Stlth+} (451 gold, have 52).
  3525 | D:4      | 3525 ||| UPGRADING to amulet of regeneration.
  3530 | D:4      | 3530 ||| READING 3 scrolls of identify.
  3530 | D:4      | 3530 ||| IDENTIFYING lumpy green potion
  3531 | D:4      | 3531 ||| READING 2 scrolls of identify.
  3531 | D:4      | 3531 ||| IDENTIFYING orange potion
  3532 | D:4      | 3532 ||| DROPPING potion of attraction.
  3533 | D:4      | 3533 ||| DROPPING potion of berserk rage.
  3557 | D:5      | Entered Level 5 of the Dungeon
  3568 | D:5      | 3568 ||| INVOKING Spit Poison.
  3572 | D:5      | 3572 ||| INVOKING Spit Poison.
  3573 | D:5      | Reached skill level 3 in Invocations
  3615 | D:5      | Noticed Dowan
  3615 | D:5      | Noticed Duvessa
  3616 | D:5      | 3616 ||| INVOKING Heroism.
  3617 | D:5      | 3617 ||| Stepping ~*~*~tactically~*~*~ (outnumbered).
  3618 | D:5      | 3618 ||| Stepping ~*~*~tactically~*~*~ (outnumbered).
  3619 | D:5      | 3619 ||| Stepping ~*~*~tactically~*~*~ (outnumbered).
  3620 | D:5      | 3620 ||| INVOKING Spit Poison.
  3625 | D:5      | 3625 ||| INVOKING Spit Poison.
  3626 | D:5      | Killed Dowan
  3629 | D:5      | 3629 ||| STAIRDANCE
  3631 | D:4      | 3631 ||| INVOKING Spit Poison.
  3632 | D:4      | HP: 13/66 [Duvessa/+0 vampiric short sword (6)]
  3633 | D:4      | 3633 ||| READING 2 scrolls of teleportation.
  3634 | D:4      | Slain by Duvessa

Levels and vault maps discovered:
D:1:      minmay_arrival_four_loops, layout_basic, minmay_stone_trees_large,
          kennysheep_decorative_pillar
D:2:      layout_rooms, basic_altar, uniq_terence
D:3:      layout_basic, okawaru_ov_weapons_minmay,
          shapermc_ecumenical_altar_flowoftime
D:4:      layout_basic, lemuel_doored_altar, lemuel_mausoleum_altar_yredelemnul,
          minmay_temple_entry_enclosed_plants, cheibrodos_sewer_entry_drain,
          serial_shops, shop, nicolae_shop_unique_rings,
          minmay_shop_enchanted_jewellery, guppyfry_early_lair_pool
D:5:      layout_cave_pools, nicolae_overflow_hidden_temple,
          uniq_prince_ribbit1, uniq_duvessa, uniq_ijyb

Skill      XL: |  1  2  3  4  5  6  7 |
---------------+----------------------+-----
Ranged Weapons | 4 5 6 |  6.6
Fighting       | 3 4 |  4.4
Dodging        | 2 |  2.1
Invocations    | 1 3 |  3.4
Stealth        | |  1.5

Action                     |  1- 3 |  4- 6 |  7- 9 || total
---------------------------+-------+-------+-------++-------
   Fire: Shortbow          |    38 |    17 |       ||    55
         Arbalest          |       |    85 |    33 ||   118
 Invoke: Heroism           |       |     1 |     1 ||     2
Ability: Spit Poison       |    18 |    20 |     7 ||    45
    Use: Scroll            |     3 |     3 |     3 ||     9
         Potion            |       |     1 |       ||     1
 Armour: Leather armour    |     2 |     6 |     4 ||    12
  Dodge: Dodged            |     8 |    26 |    14 ||    48

Table legend:
 A = Non-vault XP
 B = Vault XP
 C = Vault XP percentage of total XP
 D = Non-vault monster count
 E = Vault monster count
 F = Vault count percentage of total count
                 A         B        C        D         E       F
            +---------+---------+-------+---------+---------+-------
      Total |     436 |     597 |  57.8 |      50 |      19 |  27.5
            +---------+---------+-------+---------+---------+-------
        D:1 |      20 |      36 |  64.3 |      12 |       1 |   7.7
        D:2 |      40 |       0 |   0.0 |      13 |       0 |   0.0
        D:3 |      16 |       0 |   0.0 |       6 |       0 |   0.0
        D:4 |     307 |     494 |  61.7 |      17 |      17 |  50.0
        D:5 |      53 |      67 |  55.8 |       2 |       1 |  33.3
            +---------+---------+-------+---------+---------+-------
